AoeStats
← swoz

Black Forest

507759593Analyzed
3v3 RM · 13d ago on Sep 19, 2026· 68m 29s· 6 players
Game mode
Random Map
Map size
Normal (6 player)
Population
200
Speed
Normal
Resources
Standard
Victory
Conquest
Starting age
Dark Age
Ending age
Imperial Age
RankedLock teamsTeams togetherTeam positionsShared explorationLock speedFull tech treeHidden civsTurbo modeCheats
Victory
Defeat
🇵🇹 Italians · Portugal
1005
+13
🇵🇹 Teutons · Portugal
998
+13
🇵🇪 Spanish · Peru
979
+13
🇩🇪 Persians · Germany
945
-14
🇩🇪 Bohemians · Germany
931
-13
🇩🇪 Britons · Germany
907
-12
NEO
0:44 Loom
12:38 Feudal Age
13:14 Double-Bit Axe
14:05 Fishing Lines
19:28 Castle Age
18:24 Gold Mining
18:29 Stone Mining
19:09 Bloodlines
23:52 Bow Saw
24:40 Wheelbarrow
24:51 Horse Collar
26:40 Fletching
26:53 Town Watch
28:23 Scale Barding Armor
28:42 Ballistics
29:03 Forging
30:48 Husbandry
31:32 Iron Casting
30:37 Pikeman
31:19 Bodkin Arrow
35:19 Imperial Age
34:45 Chain Barding Armor
34:25 Murder Holes
38:48 Chemistry
38:16 Masonry
38:28 Redemption
38:54 Theocracy
38:35 Block Printing
39:15 Capped Ram
41:33 Scale Mail Armor
42:33 Blast Furnace
42:04 Hand Cart
41:46 Gillnets
44:25 Chain Mail Armor
44:29 Squires
43:49 Halberdier
45:39 Plate Mail Armor
49:14 Fortified Wall
50:44 Heavy Plow
53:29 Fervor
56:36 Two-Man Saw
56:27 Plate Barding Armor
57:42 Caravan
57:48 Elite Conquistador
59:13 Stone Shaft Mining
KUYARZERA
0:28 Loom
15:07 Feudal Age
18:59 Castle Age
18:16 Horse Collar
18:25 Double-Bit Axe
19:43 Man-at-Arms
21:58 Heavy Plow
22:12 Long Swordsman
24:42 Squires
24:48 Scale Mail Armor
25:48 Bow Saw
25:54 Forging
30:23 Iron Casting
30:47 Chain Mail Armor
34:33 Wheelbarrow
37:10 Imperial Age
34:55 Gold Mining
35:29 Hand Cart
36:37 Ballistics
39:01 Chemistry
38:06 Siege Engineers
40:12 Two-Man Saw
39:44 Crop Rotation
39:39 Conscription
39:53 Caravan
40:55 Fortified Wall
41:49 Elite Teutonic Knight
43:05 Plate Mail Armor
43:35 Blast Furnace
46:54 Pikeman
48:15 Crenellations
48:24 Crenellations
47:44 Halberdier
50:09 Theocracy
50:04 Fletching
55:46 Block Printing
55:42 Fervor
55:58 Illumination
60:34 Bodkin Arrow
Quinoooo
0:45 Loom
12:15 Feudal Age
18:53 Castle Age
17:58 Double-Bit Axe
21:24 Horse Collar
23:33 Heavy Plow
24:24 Bow Saw
25:43 Gold Mining
27:21 Wheelbarrow
28:21 Stone Mining
29:02 Hand Cart
34:26 Imperial Age
32:25 Ballistics
33:09 Silk Road
32:52 Elite Skirmisher
33:41 Fletching
33:52 Padded Archer Armor
34:03 Forging
33:54 Scale Mail Armor
34:16 Thumb Ring
34:22 Squires
35:14 Stone Shaft Mining
34:49 Bodkin Arrow
36:17 Chemistry
36:00 Conscription
36:48 Crop Rotation
37:22 Two-Man Saw
37:43 Leather Archer Armor
37:45 Chain Mail Armor
39:35 Ring Archer Armor
39:06 Bracer
39:42 Iron Casting
39:06 Elite Genoese Crossbowman
40:10 Silk Road
40:57 Coinage
40:28 Caravan
41:54 Plate Mail Armor
43:36 Blast Furnace
Beritch
10:03 Feudal Age
14:41 Castle Age
13:16 Double-Bit Axe
13:12 Horse Collar
23:43 Stone Mining
24:06 Bow Saw
24:58 Gold Mining
25:44 Stone Shaft Mining
26:39 Gold Shaft Mining
28:13 Wheelbarrow
31:34 Imperial Age
29:21 Hand Cart
28:52 Loom
28:53 Town Watch
30:14 Heavy Plow
33:57 Conscription
35:01 Crop Rotation
34:03 Elite War Elephant
35:06 Forging
35:02 Scale Barding Armor
38:00 Iron Casting
37:46 Chain Barding Armor
39:37 Two-Man Saw
40:42 Caravan
40:53 Guilds
42:14 Blast Furnace
41:49 Plate Barding Armor
43:56 Devotion
52:57 Faith
swoz
10:54 Feudal Age
15:56 Castle Age
14:16 Horse Collar
15:09 Double-Bit Axe
19:03 Loom
20:09 Gold Mining
20:41 Stone Mining
23:06 Gold Shaft Mining
23:11 Wheelbarrow
23:30 Heavy Plow
23:44 Bow Saw
25:32 Caravan
26:41 Hand Cart
26:13 Town Watch
28:17 Town Patrol
30:31 Fletching
30:43 Padded Archer Armor
30:54 Forging
30:44 Scale Mail Armor
35:47 Imperial Age
33:21 Bodkin Arrow
33:42 Leather Archer Armor
35:07 Ballistics
34:52 Squires
34:38 Gambesons
34:40 Arson
34:16 Pikeman
34:19 Man-at-Arms
35:38 Iron Casting
35:18 Chain Mail Armor
36:15 Yeomen
36:22 Long Swordsman
36:22 Halberdier
36:41 Elite Longbowman
37:42 Conscription
37:37 Two-Handed Swordsman
38:28 Bracer
38:58 Ring Archer Armor
39:50 Chemistry
39:28 Ring Archer Armor
39:18 Warwolf
40:36 Two-Man Saw
39:56 Champion
42:44 Blast Furnace
42:14 Plate Mail Armor
wallycrush
11:37 Feudal Age
17:28 Castle Age
16:17 Horse Collar
16:48 Double-Bit Axe
19:55 Heavy Plow
20:37 Bow Saw
22:39 Caravan
24:44 Wheelbarrow
23:57 Town Watch
23:58 Loom
27:47 Hand Cart
27:35 Town Patrol
34:38 Imperial Age
31:51 Man-at-Arms
32:36 Squires
33:16 Long Swordsman
33:22 Pikeman
35:52 Two-Handed Swordsman
49:14 Two-Handed Swordsman
51:41 Two-Man Saw
50:08 Champion
50:34 Arson
53:48 Scale Mail Armor
54:02 Forging
54:44 Chain Mail Armor
57:08 Plate Mail Armor
57:17 Iron Casting
66:57 Chemistry
66:26 Ballistics
Connection lost

Rejoining the realm…

Still unreachable

The connection could not be restored.

Session expired

The server has moved on; the page needs a fresh start.